 Dungeon Crawl Stone Soup version 0.31-a0-1338-gb567cfdca4 (webtiles) character file.

Game seed: 14879364583411128177

9772 Lobster4 the Thaumaturge (level 11, -1/60 HPs)
             Began as a Deep Elf Fire Elementalist on Dec 21, 2023.
             Was a Believer of Vehumet.
             Slain by a troll (6 damage)
             ... on level 10 of the Dungeon.
             The game lasted 00:48:59 (13869 turns).

Lobster4 the Thaumaturge (DEFE)                    Turns: 13869, Time: 00:48:59

Health: -1/60      AC:  9    Str:  7    XL:     11   Next: 27%
Magic:  33/37      EV: 13    Int: 29    God:    Vehumet [**....]
Gold:   43         SH:  0    Dex: 15    Spells: 20/33 levels left

rFire   + . .        b - +10 dagger "Goepe" {heavy, rC+ rN+}
rCold   . . .        r - orb {*channel}
rNeg    + . .        v - +2 robe of Veapiexuqyng {rPois rCorr}
rPois   +            s - +2 helmet {SInv}
rElec   +            I - scarf "Dises" {repulsion, rF+}
rCorr   +            (no gloves)
SInv    +            S - +1 pair of boots
Will    +....        w - amulet of the acrobat
Stlth   +++          H - ring of Wuvveb {rElec rC- Int+6 SInv Stlth+}
HPRegen 0.30/turn    E - ring of magical power
MPRegen 0.25/turn

%: repel missiles, acrobat, channel magic (20%)
@: no status effects
A: no striking features
a: Renounce Religion


You were on level 10 of the Dungeon.
You worshipped Vehumet.
Vehumet was pleased with you.
You visited 2 branches of the dungeon, and saw 12 of its levels.

You collected 525 gold pieces.
You spent 482 gold pieces at shops.

Inventory:

Hand Weapons
 a - the +1 short sword of Karma {flame, rN+ Int+2 Dex+3}
   (You took it off an orc on level 6 of the Dungeon)

   Int+2:     It affects your intelligence (+2).
   Dex+3:     It affects your dexterity (+3).
   rN+:       It protects you from negative energy.
 b - the +10 dagger "Goepe" (weapon) {heavy, rC+ rN+}
   (You took it off an orc on level 6 of the Dungeon)

   rC+:       It protects you from cold.
   rN+:       It protects you from negative energy.
 f - a +3 short sword of venom
 o - a +2 dagger of venom
 F - a +0 orcbow
Missiles
 u - 6 javelins
 B - 5 boomerangs
 D - 3 poisoned darts
 Q - a curare-tipped dart
Armour
 e - a +2 robe of willpower
 r - an orb of energy (worn)
 s - a +2 helmet of see invisible (worn)
 v - the +2 robe of Veapiexuqyng (worn) {rPois rCorr}
   (You bought it in a shop on level 2 of the Dungeon)

   rPois:     It protects you from poison rCorr: It protects you from acid and
   corrosion.
 I - the scarf "Dises" (worn) {repulsion, rF+}
   (You bought it in a shop on level 7 of the Dungeon)

   rF+:       It protects you from fire.
 J - the +1 robe of Fanaticism {rCorr MP+9 Dex+4}
   (You found it on level 8 of the Dungeon)

   Dex+4:     It affects your dexterity (+4).
   MP+9:      It affects your magic capacity (+9).
   rCorr:     It protects you from acid and corrosion.
 S - a +1 pair of boots (worn)
Magical Staves
 O - a staff of fire
Jewellery
 j - a +6 ring of intelligence
 w - an amulet of the acrobat (around neck)
 E - a ring of magical power (right hand)
 G - a ring of flight
 H - the ring of Wuvveb (left hand) {rElec rC- Int+6 SInv Stlth+}
   (You found it on level 7 of the Dungeon)

   [ring of intelligence]

   Int+6:     It affects your intelligence (+6).
   rC-:       It makes you vulnerable to cold.
   rElec:     It insulates you from electricity.
   SInv:      It lets you see invisible.
   Stlth+:    It makes you more stealthy.
Wands
 g - a wand of charming (15)
 k - a wand of flame (26)
 M - a wand of iceblast (4)
Scrolls
 d - a scroll of poison {unknown}
 h - 4 scrolls of revelation
 i - 3 scrolls of enchant armour
 m - 2 scrolls of immolation {unknown}
 n - 2 scrolls of torment {unknown}
 x - a scroll of amnesia
 y - 3 scrolls of brand weapon {unknown}
 A - a scroll of fear {unknown}
 K - a scroll of acquirement {unknown}
 N - a scroll of fog {unknown}
 P - a scroll of silence
 R - 2 scrolls of teleportation
Potions
 c - 4 potions of heal wounds
 l - a potion of berserk rage
 p - 3 potions of haste
 q - 3 potions of might
 t - a potion of lignification
 z - 2 potions of magic
 C - 2 potions of curing
Miscellaneous
 L - a condenser vane


   Skills:
 - Level 3.0 Fighting
 + Level 6.4 Short Blades
 - Level 1.0 Throwing
 - Level 3.0 Armour
 - Level 3.0 Dodging
 - Level 3.0 Stealth
 + Level 11.5 Spellcasting
 + Level 9.4 Conjurations
 + Level 10.0 Fire Magic
 - Level 3.0 Earth Magic
 - Level 3.0 Evocations


You had 20 spell levels left.
You knew the following spells:

 Your Spells              Type           Power      Damage    Failure   Level
a - Foxfire               Conj/Fire      100%       2x1d9     1%          1
b - Scorch                Fire           100%       2d9       1%          2
c - Stone Arrow           Conj/Erth      100%       3d13      4%          3
d - Flame Wave            Conj/Fire      65%        2d15      3%          4
e - Searing Ray           Conj           100%       2d8       1%          2
p - Apportation           Tloc           32%        N/A       11%         1

Your spell library contained the following spells:

 Spells                   Type           Power      Damage    Failure   Level
 Freeze                   Ice            64%        1d7       11%         1
 Magic Dart               Conj           100%       1d8       1%          1
 Sting                    Conj/Alch      100%       1d9       3%          1
 Sandblast                Erth           68%        2d15      4%          1
 Inner Flame              Hex/Fire       45%        N/A       6%          3
 Volatile Blastmotes      Fire/Tloc      90%        2d17      6%          3
 Passwall                 Alch/Erth      20%        N/A       10%         2
 Brom's Barrelling Bould  Conj/Erth      52%        2d7       10%         4
 Jinxbite                 Hex            32%        N/A       14%         2
 Mercury Vapours          Alch/Air       32%        N/A       14%         2
 Fulminant Prism          Conj/Alch      22%        3d12      14%         4
 Animate Armour           Summ/Erth      50%        N/A       36%         4
 Olgreb's Toxic Radiance  Alch           16%        N/A       54%         4
 Alistair's Intoxication  Alch           10%        N/A       83%         5
 Malign Gateway           Summ/Tloc      8%         N/A       100%        7


Dungeon Overview and Level Annotations

Branches:
Dungeon (11/15)            Temple (1/1) D:7
   Lair: D:8-11         Orc: D:9-12

Altars:
Ashenzari
Cheibriados
Dithmenos
Elyvilon
Fedhas
Gozag
Hepliaklqana
Kikubaaqudgha
Makhleb
Nemelex Xobeh
Okawaru
Qazlal
Ru
Sif Muna
Trog
Uskayaw
Vehumet
Wu Jian
Xom
Yredelemnul
Zin
The Shining One

Shops:
D:1 **![*   D:2 *   D:3 *   D:4 *   D:7 [   D:9 =

Annotations:
D:3 3 runed translucent doors, Azoth's ghost, amateur DrIE
D:4 Duvessa
D:9 Erolcha
D:10 exclusion: vampire


Message History

The troll claws you! The orc hits you with a +0 short sword.
The unseen horror hits you.
You climb upwards.
Level annotation: exclusion: vampire
There is a stone staircase leading down here.
Casting: Foxfire (safe; 1% risk of failure)
Confirm with . or Enter, or press ? or * to list all spells.
Flames lash the orc.
You kill the orc!
Vehumet accepts your kill. The troll misses you. The troll claws you! x2
Unknown command.
Casting: Scorch (safe; 1% risk of failure)
Confirm with . or Enter, or press ? or * to list all spells.
Flames lash the troll.
The troll is moderately wounded.
The troll's fire resistance burns away.
Magical energy flows into your mind! The troll bites you!
* * * LOW HITPOINT WARNING * * *
The troll claws you.
* * * LOW HITPOINT WARNING * * *
The troll claws you.
* * * LOW HITPOINT WARNING * * *
Unknown command.
Okay, then.
You feel much better. The troll bites you!
The troll claws you but does no damage. The troll claws you.
* * * LOW HITPOINT WARNING * * *
Unknown command.
Casting: Scorch (safe; 1% risk of failure)
Confirm with . or Enter, or press ? or * to list all spells.
Aiming: Stone Arrow (dangerous; 4% risk of failure)
Press: ? - help, Shift-Dir - straight line, f - troll
Aim: a troll (moderately wounded, more vulnerable to fire, 78% to hit)
The stone arrow hits the troll!
The troll is severely wounded.
The troll bites you!
* * * LOW HITPOINT WARNING * * *
The troll claws you.
You die...

############
#..........### ###
#.########.#<#### #..
##.#..#@).#.#....# #.#
#..#..#T.##....#.# #.#
#.##..#).......#.# #.#
#..............#.# ###.#
#######.#...#....###....
#.###.#.#......... #.#
#.#........... #.#
#....#####.... #.#
####.#######.#


You could see a troll (combustible).

Vanquished Creatures
  Joseph (D:8)
  An unseen horror (D:11)
  A gargoyle (D:11)
  A troll (D:10)
  A hornet (D:10)
  Prince Ribbit (D:5)
  A vampire (D:11)
  A fire elemental (D:8)
  18 yaks
  4 fire bats (D:8)
  2 wyverns
  A steam dragon (D:9)
  Menkaure (D:5)
  2 water moccasins
  An acid dragon (D:11)
  A hell hound (D:8)
  2 sky beasts
  2 black bears (D:6)
  An ice beast (D:7)
  An orc warrior (D:7)
  An ogre (D:4)
  4 centaurs
  A kobold brigand (D:10)
  2 bullfrogs (D:6)
  A necrophage (D:5)
  3 scorpions
  2 water moccasin zombies (D:5)
  11 wights
  Dowan (D:4)
  4 killer bees
  An electric eel (D:6)
  8 howler monkeys
  A human zombie (D:5)
  2 lava snakes (D:8)
  3 centaur zombies (D:5)
  A bullfrog zombie (D:5)
  5 hounds
  6 orc priests
  3 jellies
  5 iguanas
  9 orc wizards
  A scorpion zombie (D:5)
  3 mummies (D:5)
  5 adders
  2 bombardier beetles
  An ufetubus (D:6)
  A worm (D:2)
  4 dart slugs
  28 orcs
  8 endoplasms
  3 giant cockroaches
  9 goblins
  13 hobgoblins
  3 jackals (D:1)
  11 kobolds
  3 quokkas
  8 ball pythons
  5 bats
  4 frilled lizards
  3 rats
233 creatures vanquished.

Vanquished Creatures (collateral kills)
  A foxfire (D:6)
1 creature vanquished.

Vanquished Creatures (others)
  2 yaks (D:10)
  829 foxfires
831 creatures vanquished.

Grand Total: 1065 creatures vanquished

Notes
Turn   | Place    | Note
-------+----------+-------------------------------------------
     0 | D:1      | Lobster4 the Deep Elf Fire Elementalist began the quest for
                  | the Orb.
     0 | D:1      | Reached XP level 1. HP: 10/10 MP: 6/6
   193 | D:1      | Found Wiesuahad's Assorted Antiques.
   291 | D:1      | Reached XP level 2. HP: 15/15 MP: 6/8
   309 | D:1      | Learned a level 2 spell: Scorch
   843 | D:1      | Reached XP level 3. HP: 19/19 MP: 1/9
   976 | D:1      | Found Ywniter's Distillery.
  1011 | D:1      | Bought a potion of degeneration for 11 gold pieces
  1106 | D:1      | Found Soifanee's General Store.
  1113 | D:1      | Bought a scroll of noise for 10 gold pieces
  1179 | D:1      | Found Fane Cicesk's Armour Boutique.
  1277 | D:1      | Found Kanih's Assorted Antiques.
  1958 | D:2      | Found a faded altar of an unknown god.
  1964 | D:2      | Reached skill level 1 in Armour
  2214 | D:2      | Reached XP level 4. HP: 24/24 MP: 9/11
  2282 | D:2      | Found Liogilok's Assorted Antiques.
  2877 | D:3      | Found a runed translucent gate.
  2877 | D:3      | Identified the +3 dagger of Tifosucupe {freeze, rF+ rC+
                  | Will+ Dex+2}
  2877 | D:3      | Identified the +3 leather armour of Uskayaw's Hope {Str+4
                  | Int+3}
  2880 | D:3      | Found a runed translucent gate.
  2883 | D:3      | Found a runed translucent gate.
  2893 | D:3      | Noticed Azoth's ghost (amateur DrIE)
  3039 | D:2      | Bought a spiked robe for 119 gold pieces
  3039 | D:2      | Identified the +2 robe of Veapiexuqyng {rPois rCorr} (You
                  | bought it in a shop on level 2 of the Dungeon)
  3253 | D:3      | Found Neduoq's Assorted Antiques.
  3268 | D:3      | Learned a level 2 spell: Searing Ray
  3530 | D:4      | Noticed an ogre
  3542 | D:4      | Killed an ogre
  3543 | D:4      | Reached skill level 1 in Fighting
  3543 | D:4      | Reached skill level 1 in Short Blades
  3543 | D:4      | Reached skill level 4 in Spellcasting
  3543 | D:4      | Reached XP level 5. HP: 29/29 MP: 7/13
  3662 | D:4      | Found Kyitox's Assorted Antiques.
  3891 | D:4      | Reached XP level 6. HP: 26/35 MP: 7/14
  4019 | D:4      | Found a shadowy altar of Dithmenos.
  4036 | D:4      | Noticed Duvessa
  4036 | D:4      | Noticed Dowan
  4075 | D:4      | Killed Dowan
  4353 | D:4      | Noticed a sky beast
  4447 | D:5      | Entered Level 5 of the Dungeon
  4510 | D:5      | Noticed Menkaure
  4724 | D:5      | Reached skill level 5 in Spellcasting
  4850 | D:5      | Noticed Prince Ribbit
  4874 | D:5      | Reached XP level 7. HP: 39/40 MP: 10/16
  4876 | D:5      | Reached skill level 5 in Fire Magic
  4879 | D:5      | Killed Prince Ribbit
  5121 | D:5      | Reached skill level 6 in Spellcasting
  5385 | D:5      | Reached XP level 8. HP: 45/46 MP: 14/19
  5552 | D:5      | Found an ancient bone altar of Kikubaaqudgha.
  5658 | D:5      | Reached skill level 5 in Conjurations
  5935 | D:5      | Learned a level 3 spell: Stone Arrow
  5973 | D:4      | Reached skill level 7 in Spellcasting
  6379 | D:5      | Killed Menkaure
  6380 | D:5      | Reached skill level 1 in Earth Magic
  6380 | D:5      | Reached skill level 1 in Evocations
  7118 | D:6      | Identified the +1 short sword of Karma {flame, rN+ Int+2
                  | Dex+3}
  7123 | D:6      | Identified the +10 dagger "Goepe" {heavy, rC+ rN+}
  7134 | D:6      | Reached XP level 9. HP: 42/50 MP: 13/22
  7463 | D:6      | Found a white marble altar of Elyvilon.
  7562 | D:6      | Learned a level 1 spell: Apportation
  7627 | D:7      | Learned a level 4 spell: Flame Wave
  7669 | D:7      | Reached skill level 8 in Spellcasting
  7841 | D:7      | Reached skill level 1 in Throwing
  8007 | D:7      | Found a staircase to the Ecumenical Temple.
  8016 | Temple   | Entered the Ecumenical Temple
  8034 | Temple   | Became a worshipper of Vehumet
  8232 | D:7      | Found Upnixzor's Armour Shop.
  8327 | D:7      | Identified the ring of Wuvveb {rElec rC- Int+6 SInv Stlth+}
  8771 | D:8      | Reached skill level 9 in Spellcasting
  8819 | D:8      | Noticed Joseph
  8822 | D:8      | Identified the +1 robe of Fanaticism {rCorr MP+9 Dex+4}
                  | (You found it on level 8 of the Dungeon)
  9455 | D:9      | Reached XP level 10. HP: 56/56 MP: 25/25
  9583 | D:9      | Noticed Erolcha
  9677 | D:8      | Killed Joseph
  9976 | D:8      | HP: 1/56 [fire bat (5)]
 10252 | D:8      | Reached skill level 10 in Spellcasting
 10300 | D:8      | Reached * piety under Vehumet
 10300 | D:8      | Offered knowledge of Freeze by Vehumet.
 10554 | D:9      | Found Jicais's One-of-a-Kind Rings.
 10644 | D:9      | Reached skill level 5 in Short Blades
 11680 | D:10     | Entered Level 10 of the Dungeon
 11692 | D:10     | Got Plog's Book of Relocated Terrain
 11846 | D:9      | Reached skill level 11 in Spellcasting
 12020 | D:10     | Reached XP level 11. HP: 57/60 MP: 28/28
 12498 | D:7      | Bought the scarf "Dises" {repulsion, rF+} for 288 gold
                  | pieces
 13344 | D:7      | Bought a +0 pair of boots for 54 gold pieces
 13615 | D:11     | Reached ** piety under Vehumet
 13765 | D:11     | Reached skill level 10 in Fire Magic
 13869 | D:10     | Slain by a troll

Illustrated notes

Levels and vault maps discovered:
D:1:      dpeg_arrival_circle_labyrinth_c, layout_basic, serial_shops, shop,
          nicolae_shop_peninsula, nicolae_shop_statue_plus, shop,
          nicolae_shop_peninsula, roderic_roman_lattice, kennysheep_doodads,
          minmay_pentomino_w4
D:2:      layout_rooms, hellmonk_ecumenical_altar_heavens_door, serial_shops,
          shop
D:3:      layout_loops_ring, serial_shops, shop, biasface_ghost_orc_armoury
D:4:      layout_cave_pods, mainiacjoe_overflow_24_doors, serial_shops, shop,
          chequers_serial_rivers_micro_e, uniq_duvessa
D:5:      layout_basic, lemuel_mausoleum_altar_kikubaaqudgha,
          corexii_checkpoint, uniq_menkaure, uniq_prince_ribbit1
D:6:      minmay_skewed_foursquare, layout_basic, nicolae_elyvilon_temple_path
D:7:      layout_rooms, minmay_temple_entry_sparse_star, serial_shops, shop,
          hangedman_decor_opposing
D:8:      layout_gridville, hangedman_incinerator, uniq_joseph
D:9:      layout_gridville, st_stairs_11, nicolae_shop_unique_rings,
          uniq_erolcha
D:10:     layout_basic, nzn_life_drinkers
D:11:     layout_cross, david_lair_shrubbed
Temple:   nicolae_temple_bog_church

Skill      XL: |  1  2  3  4  5  6  7  8  9 10 11 |
---------------+----------------------------------+-----
Stealth        | 3 |  3.0
Armour         | 1 2 3 |  3.0
Conjurations   | 2 3 4 6 7 9 |  9.4
Dodging        | 3 |  3.0
Fighting       | 1 2 3 |  3.0
Short Blades   | 1 3 5 6 |  6.4
Spellcasting   | 4 5 6 7 9 11 | 11.5
Fire Magic     | 4 5 6 8 9 10 | 10.0
Earth Magic    | 2 3 |  3.0
Evocations     | 2 3 |  3.0
Throwing       | 1 |  1.0

Action                     |  1- 3 |  4- 6 |  7- 9 | 10-12 || total
---------------------------+-------+-------+-------+-------++-------
  Melee: Short sword       |       |       |    11 |    14 ||    25
  Throw: Boomerang         |       |       |       |     1 ||     1
   Cast: Foxfire           |   100 |   107 |   171 |   118 ||   496
         Scorch            |     6 |    18 |   104 |    91 ||   219
         Searing Ray       |       |       |     1 |       ||     1
         Apportation       |       |       |     2 |       ||     2
         Stone Arrow       |       |       |       |    15 ||    15
  Evoke: Wand              |       |       |       |     8 ||     8
         Condenser vane    |       |       |       |     1 ||     1
    Use: Scroll            |       |     7 |     2 |    10 ||    19
         Potion            |       |       |     1 |     6 ||     7
 Armour: Robe              |     3 |     6 |    39 |   113 ||   161
  Dodge: Dodged            |     3 |     7 |    44 |    95 ||   149

Table legend: (Time is in decaauts)
 A = Elapsed time spent in this place.
 B = Non-inter-level travel time spent in this place.
 C = Inter-level travel time spent in this place.
 D = Time resting spent in this place.
 E = Time spent auto-exploring this place.
 F = Levels seen in this place.
 G = Mean time per level.
                   A        B        C        D        E       F      G
               +--------+--------+--------+--------+--------+-----+--------+
         Total |  13833 |  12463 |   1370 |   2104 |   7813 |  12 | 1152.8 |
       Dungeon |  13797 |  12459 |   1338 |   2104 |   7813 |  11 | 1254.3 |
        Temple |     36 |      4 |     32 |      0 |      0 |   1 |   36.0 |
               +--------+--------+--------+--------+--------+-----+--------+

Top non-repeatable levels by time:
     D:8: 1765 daAuts
     D:1: 1733 daAuts
     D:5: 1488 daAuts
     D:4: 1457 daAuts
    D:10: 1418 daAuts
     D:9: 1391 daAuts
     D:7: 1292 daAuts
     D:6: 1161 daAuts
     D:3: 953 daAuts
     D:2: 805 daAuts
    D:11: 329 daAuts
  Temple: 36 daAuts
